 Dungeon Crawl Stone Soup version 0.29.1-4-g47bece8355 (webtiles) character file.

Game seed: 1694888762376726280

1777 safid the Skirmisher (level 8, -16/74 HPs)
             Began as a Minotaur Hunter on Dec 5, 2022.
             Was an Initiate of Okawaru.
             Demolished by a boulder beetle (48 damage)
             ... on level 6 of the Dungeon.
             The game lasted 00:08:12 (5811 turns).

safid the Skirmisher (Minotaur Hunter)              Turns: 5811, Time: 00:08:13

Health: -16/74     AC:  9    Str: 16    XL:     8   Next: 81%
Magic:  7/7        EV: 11    Int:  6    God:    Okawaru [......]
Gold:   468        SH:  5    Dex: 16    Spells: 7/7 levels left

rFire   + . .      SeeInvis .   a - +0 shortbow
rCold   . . .      Faith    .   (shield currently unavailable)
rNeg    . . .      Spirit   .   y - +1 ring mail {rF+}
rPois   .          Reflect  +   (helmet restricted)
rElec   .          Harm     .   d - +0 cloak
rCorr   .          Rampage  .   e - +0 pair of gloves
Will    .....                   r - +0 pair of boots
Stlth   +.........              g - amulet of reflection
HPRegen 0.22/turn               (no ring)
MPRegen 0.10/turn               (no ring)

@: no status effects
A: horns 2, retaliatory headbutt
a: Renounce Religion


You were on level 6 of the Dungeon.
You worshipped Okawaru.
Okawaru was noncommittal.
You visited 2 branches of the dungeon, and saw 7 of its levels.

You collected 564 gold pieces.
You spent 96 gold pieces at shops.

Inventory:

Hand Weapons
 a - a +0 shortbow (weapon)
Missiles
 i - 3 throwing nets
 s - a curare-tipped dart
Armour
 d - a +0 cloak (worn)
 e - a +0 pair of gloves (worn)
 r - a +0 pair of boots (worn)
 y - a +1 ring mail of fire resistance (worn)
Jewellery
 g - an amulet of reflection (around neck)
Wands
 v - a wand of flame (40)
Scrolls
 f - 3 scrolls of enchant weapon
 h - 2 scrolls of teleportation
 k - a scroll of fear
 m - 2 scrolls of noise
 n - 2 scrolls of blinking
 o - 2 scrolls of amnesia
 q - a scroll of magic mapping
Potions
 j - 2 potions of cancellation {unknown}
 l - a potion of degeneration {unknown}
 p - 5 potions of curing
 t - 2 potions of berserk rage {unknown}
 u - a potion of invisibility {unknown}
 w - 3 potions of lignification {unknown}
 x - a potion of haste
 z - a potion of might {unknown}


   Skills:
 - Level 8.0 Fighting
 + Level 11.2 Ranged Weapons
 - Level 2.1 Dodging
 - Level 0.7 Stealth


You had 7 spell levels left.
You didn't know any spells.
Your spell library was empty.

Dungeon Overview and Level Annotations

Branches:
Dungeon (6/15)             Temple (1/1) D:5

Altars:
Ashenzari
Cheibriados
Elyvilon
Fedhas
Gozag
Kikubaaqudgha
Nemelex Xobeh
Okawaru
Qazlal
Ru
Sif Muna
Trog
Uskayaw
Vehumet
Wu Jian
Yredelemnul
Zin

Shops:
D:2 =   D:3 !

Annotations:
D:5 1 runed translucent door, sigtrap's ghost, novice SpCj


Innate Abilities, Weirdness & Mutations

You have a pair of horns on your head.
You reflexively headbutt those who attack you in melee.


Message History

The boulder beetle is lightly wounded.
The boulder beetle hits you!
The boulder beetle stops rolling and uncurls.
You shoot an arrow. The arrow hits the boulder beetle.
The boulder beetle is lightly wounded.
You block the boulder beetle's attack.
You shoot an arrow. The arrow hits the boulder beetle.
The boulder beetle is lightly wounded.
The boulder beetle bites you!!
You shoot an arrow.
The arrow barely misses the boulder beetle.
The boulder beetle bites you!
You are too injured to fight recklessly!
You are too injured to fight recklessly!
You are too injured to fight recklessly!
You are too injured to fight recklessly!
You are too injured to fight recklessly!
You are too injured to fight recklessly!
You are too injured to fight recklessly!
You are too injured to fight recklessly!
You are too injured to fight recklessly!
You are too injured to fight recklessly!
You are too injured to fight recklessly!
You are too injured to fight recklessly!
You are too injured to fight recklessly!
You are too injured to fight recklessly!
You are too injured to fight recklessly!
You are too injured to fight recklessly!
Unknown command.
Fire: a) +0 shortbow
Press: ? - help, Q - select action, (/) - cycle Shift-Dir - straight line, f/p - boulder beetle
Aim: a boulder beetle (lightly wounded, 91% to hit)
You shoot an arrow. The arrow hits the boulder beetle.
The boulder beetle is lightly wounded.
The boulder beetle leaps!
The boulder beetle curls into a ball and begins rolling!
There is an escape hatch in the floor here.
The boulder beetle hits you!!!
Ouch! That really hurt!
You die...

.... #>.....##.#
#............ ...
#..###.##.# #.......###.#
..# ####...##..#.# #(......#
#.# ..# #......###...#
#.......# #.# ..#
#......####..###.......###.#
..#
#.....>°°○°.................
..#
#....°#####○.###.......###.#
# #...○.# #B.# #.......# #
#.....# #@.# #.......##...
######B....# ##.#
#.......##... B...○°.....#
### ##########...
######.....# #... #######
#... #... #...


You could see a boulder beetle (rolling).

Vanquished Creatures
  Menkaure (D:4)
  2 water moccasins (D:5)
  3 black bears
  An ogre (D:6)
  A centaur (D:6)
  A kobold brigand (D:4)
  A phantom (D:6)
  2 necrophages (D:4)
  3 scorpions
  3 hounds
  3 orc priests
  A gnoll bouda (D:6)
  An iguana (D:6)
  Robin (D:3)
  11 gnolls
  8 adders
  3 white imps
  A worm (D:2)
  6 dart slugs
  20 orcs
  5 bats
  6 endoplasms
  5 giant cockroaches
  9 hobgoblins
  4 jackals (D:3)
  A quokka (D:3)
  9 ball pythons
  A frilled lizard (D:2)
  15 goblins
  7 kobolds
  8 rats
143 creatures vanquished.

Vanquished Creatures (others)
  A kobold (D:4)
1 creature vanquished.

Grand Total: 144 creatures vanquished

Notes
Turn   | Place    | Note
-------+----------+-------------------------------------------
     0 | D:1      | safid the Minotaur Hunter began the quest for the Orb.
     0 | D:1      | Reached XP level 1. HP: 18/18 MP: 0/0
   157 | D:1      | Reached XP level 2. HP: 16/25 MP: 1/1
   491 | D:1      | Found a faded altar of an unknown god.
   987 | D:2      | Reached skill level 5 in Ranged Weapons
   987 | D:2      | Reached XP level 3. HP: 29/31 MP: 2/2
  1106 | D:2      | Found Warim's Jewellery Shoppe.
  1370 | D:2      | Reached XP level 4. HP: 40/40 MP: 3/3
  1651 | D:3      | Found Vauhe's Distillery.
  1654 | D:3      | Bought a potion of heal wounds for 60 gold pieces
  1654 | D:3      | Bought a potion of curing for 36 gold pieces
  2007 | D:3      | Reached XP level 5. HP: 38/47 MP: 4/4
  2130 | D:3      | Noticed Robin
  2146 | D:3      | Killed Robin
  2147 | D:3      | Reached skill level 5 in Fighting
  2147 | D:3      | Reached skill level 6 in Ranged Weapons
  2697 | D:4      | Noticed Menkaure
  2706 | D:4      | Killed Menkaure
  2707 | D:4      | Reached XP level 6. HP: 34/57 MP: 5/5
  3031 | D:4      | Reached skill level 7 in Ranged Weapons
  3299 | D:4      | Reached XP level 7. HP: 25/64 MP: 6/6
  3999 | D:5      | Entered Level 5 of the Dungeon
  4029 | D:5      | Reached skill level 8 in Ranged Weapons
  4521 | D:5      | Reached XP level 8. HP: 74/74 MP: 7/7
  4585 | D:5      | Reached skill level 9 in Ranged Weapons
  4679 | D:5      | Found a staircase to the Ecumenical Temple.
  4691 | Temple   | Entered the Ecumenical Temple
  4700 | Temple   | Became a worshipper of Warmaster Okawaru
  4802 | D:5      | Found a runed translucent door.
  4804 | D:5      | Noticed sigtrap's ghost (novice SpCj)
  5373 | D:6      | Reached skill level 10 in Ranged Weapons
  5502 | D:6      | Reached skill level 11 in Ranged Weapons
  5773 | D:6      | Noticed a boulder beetle
  5811 | D:6      | Demolished by a boulder beetle

Illustrated notes

Levels and vault maps discovered:
D:1:      dpeg_arrival_boxes_within_box, layout_loops_cross,
          hellmonk_ecumenical_altar_defaced_shrine
D:2:      layout_loops_ring, serial_shops, shop
D:3:      layout_basic, serial_shops, shop, uniq_robin
D:4:      minmay_chambers_of_twos, layout_basic, hangedman_decor_growths,
          uniq_menkaure
D:5:      layout_basic, minmay_temple_entry_butterflies,
          ebering_ghost_inner_flame
D:6:      minmay_evil_eye, layout_basic, chequers_temple_overflow_minitemple
Temple:   sentei_temple_godly_chess

Skill      XL: |  1  2  3  4  5  6  7  8 |
---------------+-------------------------+-----
Fighting       | 3 4 5 6 8 |  8.0
Ranged Weapons | 5 6 7 8 11 | 11.2
Dodging        | |  2.1
Stealth        | |  0.7

Action                   |  1- 3 |  4- 6 |  7- 9 || total
-------------------------+-------+-------+-------++-------
 Fire: Shortbow          |   111 |   165 |   227 ||   503
  Use: Potion            |       |       |     1 ||     1
       Scroll            |       |       |     7 ||     7
Armor: Leather armour    |    19 |    24 |    28 ||    71
Dodge: Dodged            |    42 |    46 |    81 ||   169
Block: Other             |       |     9 |    27 ||    36
       Reflection        |       |       |     4 ||     4
